 Dungeon Crawl Stone Soup version 0.19-a0-1079-g88a7474 (webtiles) character file.

207 4thArraOfDagon the Chopper (level 5, -14/67 HPs)
             Began as a Minotaur Berserker on Aug 6, 2016.
             Was a Believer of Trog.
             Demolished by an ogre
             ... wielding a +0 giant spiked club
              (15 damage)
             ... on level 5 of the Dungeon.
             The game lasted 00:04:35 (543 turns).

4thArraOfDagon the Chopper (Minotaur Berserker)      Turns: 543, Time: 00:04:36

Health: -14/67     AC: 22    Str: 26    XL:     5   Next: 54%
Magic:  4/4        EV:  2    Int:  5    God:    Trog [**....]
Gold:   31         SH:  0    Dex: 10    Spells: 0 memorised, 4 levels left

rFire  . . .     SeeInvis .     d - +3 hand axe
rCold  . . .     Gourm    .     (armour currently unavailable)
rNeg   + + +     Faith    .     (no shield)
rPois  +         Spirit   .     (helmet currently unavailable)
rElec  .         Dismiss  .     (cloak currently unavailable)
rCorr  .         Reflect  .     (gloves currently unavailable)
SustAt .         Harm     .     (boots currently unavailable)
MR     .....     NoTele   +     (no amulet)
Stlth  +.........               (no ring)
                                i - ring of positive energy

@: mighty, exhausted, tree-form, slowed, very slow
A: (retaliatory headbutt), (horns 0)
a: Berserk, Trog's Hand, Burn Spellbooks, Renounce Religion


You were on level 5 of the Dungeon.
You worshipped Trog.
Trog was pleased with you.
You were near starving.
You were a tree.
You visited 1 branch of the dungeon, and saw 5 of its levels.

You collected 31 gold pieces.

Inventory:

Hand Weapons
 a - a +0 hand axe
 d - a +3 hand axe (weapon)
 n - a +0 vampiric falchion
Missiles
 k - a poisoned javelin (quivered)
Armour
 b - a +0 animal skin
 g - a +0 ring mail (melded)
 p - a +0 chain mail
Jewellery
 i - a ring of positive energy (left branch)
Scrolls
 j - a scroll of magic mapping {unknown}
 l - a scroll of fog {unknown}
 m - a scroll of amnesia {unknown}
 o - a scroll of noise {unknown}
Potions
 e - a potion of lignification
Books
 f - a book of Clouds

   Spells                             Type                      Level
   a - Mephitic Cloud                 Conjuration/Poison/Air       3
   b - Conjure Flame                  Conjuration/Fire             3
   c - Poisonous Cloud                Conjuration/Poison/Air       6
   d - Freezing Cloud                 Conjuration/Ice/Air          6
   e - Ring of Flames                 Charms/Fire                  7
   Trog disapproves of the use of such an item.
Comestibles
 c - a bread ration


   Skills:
 - Level 3.6 Fighting
 * Level 6.6 Axes
 + Level 4.3 Armour
 - Level 2.1 Dodging


You had 4 spell levels left.
You didn't know any spells.

Dungeon Overview and Level Annotations

Branches:
Dungeon (5/15)
 Temple: D:4-7

Altars:


Innate Abilities, Weirdness & Mutations

((You reflexively headbutt those who attack you in melee.))
((You have a pair of horns on your head.))


Message History

You feel very mighty all of a sudden. Something hits you but does no damage.
Unknown command.
You miss something.
Your skin stops crawling.
You feel less resistant to hostile enchantments.
Something hits you but does no damage. x2
Unknown command.
You closely miss something. Something hits you but does no damage.
The giant gecko bites you but does no damage.
Unknown command.
You slash the ogre!
The ogre is heavily wounded.
You miss something. You barely miss the giant gecko.
The giant gecko completely misses you. Something hits you.
* * * LOW HITPOINT WARNING * * *
Something shocks you.
* * * LOW HITPOINT WARNING * * *
The ogre hits you with a giant spiked club!
You die...

#.........# #.........#
####.........#
........#....#
##########.###........#
.......#.... .........###
.#####.#.#.####.O....(...
...............l♣{....#.#
.#.....#.#.#####.........
.#.....#.#.#####...######
.#.....'................
.#.....#.#.#######.#####
.#.#.###.#... .# .#.#.#
#.##### ## ...... #..
......####


You could see an ogre and a giant gecko.

Vanquished Creatures
  2 scorpions
  An orc priest (D:4)
  A worker ant (D:5)
  2 adders
  2 giant geckos (D:3)
  7 orcs
  3 bats
  A giant cockroach (D:5)
  3 hobgoblins
  3 goblins
  A kobold (D:2)
  2 rats
28 creatures vanquished.

Notes
Turn   | Place    | Note
-------+----------+-------------------------------------------
     0 | D:1      | 4thArraOfDagon the Minotaur Berserker began the quest for the Orb.
     0 | D:1      | Reached XP level 1. HP: 19/19 MP: 0/0
    50 | D:2      | Reached skill level 4 in Axes
    50 | D:2      | Reached XP level 2. HP: 18/26 MP: 1/1
   194 | D:3      | Reached XP level 3. HP: 9/31 MP: 2/2
   200 | D:3      | Reached skill level 5 in Axes
   344 | D:4      | Reached ** piety under Trog
   344 | D:4      | Reached XP level 4. HP: 39/39 MP: 3/3
   418 | D:4      | Reached skill level 6 in Axes
   445 | D:4      | Noticed a phantom
   446 | D:5      | Entered Level 5 of the Dungeon
   456 | D:5      | 4thArraOfDagon: sry
   509 | D:5      | Reached XP level 5. HP: 45/45 MP: 4/4
   516 | D:5      | 4thArraOfDagon: btw
   516 | D:5      | 4thArraOfDagon: dont know if you have noticed
   516 | D:5      | 4thArraOfDagon: recent charly's run
   516 | D:5      | 4thArraOfDagon: with like 16k and 14 runes
   528 | D:5      | Noticed a sky beast
   530 | D:5      | Sapher: yea. i did
   530 | D:5      | Sapher: he died to shrikes
   530 | D:5      | Sapher: very stupid death
   530 | D:5      | Sapher: rnd tele while slowed
   530 | D:5      | Sapher: into the pack of shrikes
   530 | D:5      | Sapher: he was playing bad...
   530 | D:5      | Sapher: but had very good items
   530 | D:5      | Sapher: he was on tilt or something like that i think...last 200 turns he did were all bad
   539 | D:5      | Noticed an ogre
   543 | D:5      | HP: 1/67 [something (5)]
   543 | D:5      | Demolished by an ogre

Vault maps used:
D:1:      lemuel_arrival_muddy
D:5:      lightli_temple_of_fire, yredelemnul_forgotten_temple_becter,
          kiku_gazebo_garden_becter, first_bread, uniq_edmund

Skill      XL: |  1  2  3  4 |
---------------+-------------+-----
Axes           | 4 5 6 |  6.6
Armour         | 3 4 |  4.3
Fighting       | |  3.6
Dodging        | |  2.1

Action                   |  1- 3 |  4- 6 || total
-------------------------+-------+-------++-------
Melee: Hand axe          |    27 |    25 ||    52
       Headbutt          |     3 |     2 ||     5
Throw: Javelin           |       |     1 ||     1
Invok: Berserk           |     3 |     1 ||     4
       Trog's Hand       |       |     2 ||     2
  Use: Potion            |     3 |     2 ||     5
       Scroll            |       |     1 ||     1
  Eat: Chunk             |       |     2 ||     2
Armor: Animal skin       |     1 |       ||     1
       Ring mail         |     9 |     5 ||    14
       Skin              |    32 |     6 ||    38
Dodge: Dodged            |    26 |     9 ||    35
